 Dungeon Crawl Stone Soup version 0.29.0-11-gd7f09526c8 (webtiles) character file.

Game seed: 16129893227308719750

347 GigaChad the Trooper (level 6, -4/55 HPs)
             Began as a Minotaur Fighter on Sept 6, 2022.
             Was an Initiate of Okawaru.
             Slain by Pikel
             ... wielding a +2 whip of freezing
              (5 damage)
             ... on level 4 of the Dungeon.
             The game lasted 00:07:31 (2716 turns).

GigaChad the Trooper (Minotaur Fighter)             Turns: 2716, Time: 00:07:31

Health: -4/55      AC: 11    Str: 22    XL:     6   Next: 33%
Magic:  5/5        EV: 10    Int:  5    God:    Okawaru [......]
Gold:   157        SH:  4    Dex: 10    Spells: 5/5 levels left

rFire   . . .      SeeInvis .   a - +0 long sword
rCold   . . .      Faith    .   c - +0 buckler
rNeg    . . .      Spirit   .   b - +0 scale mail
rPois   .          Reflect  .   g - +2 hat
rElec   .          Harm     .   (no cloak)
rCorr   .          Rampage  .   (no gloves)
Will    .....                   q - +1 pair of boots
Stlth   ..........              (no amulet)
HPRegen 0.18/turn               (no ring)
MPRegen 0.09/turn               (no ring)

@: no status effects
A: horns 2, retaliatory headbutt
a: Renounce Religion


You were on level 4 of the Dungeon.
You worshipped Okawaru.
Okawaru was noncommittal.
You visited 2 branches of the dungeon, and saw 4 of its levels.

You collected 157 gold pieces.

Inventory:

Hand Weapons
 a - a +0 long sword (weapon)
Missiles
 j - 3 atropa-tipped darts (quivered)
 o - 3 datura-tipped darts
Armour
 b - a +0 scale mail (worn)
 c - a +0 buckler (worn)
 g - a +2 hat (worn)
 q - a +1 pair of boots (worn)
Scrolls
 e - 2 scrolls of blinking
 f - a scroll of teleportation
 k - a scroll of fear {unknown}
 l - a scroll of magic mapping
 n - a scroll of immolation
 p - a scroll of brand weapon {unknown}
 s - a scroll of enchant armour {unknown}
Potions
 d - 2 potions of might
 h - a potion of berserk rage {unknown}
 i - a potion of heal wounds {unknown}
 m - a potion of curing {unknown}
 r - a potion of haste {unknown}


   Skills:
 * Level 4.9 Fighting
 + Level 4.5 Long Blades
 + Level 0.2 Throwing
 + Level 4.9 Armour
 * Level 2.8 Dodging
 + Level 0.4 Stealth
 * Level 4.7 Shields


You had 5 spell levels left.
You didn't know any spells.
Your spell library contained the following spells:

 Spells                   Type           Power      Damage    Failure   Level
 Ensorcelled Hibernation  Hex/Ice        0%         N/A       95%         2
 Passwall                 Tmut/Erth      0%         N/A       95%         2
 Gell's Gravitas          Tloc           0%         N/A       99%         3
 Swiftness                Air            0%         N/A       99%         3
 Teleport Other           Tloc           0%         N/A       99%         3
 Dispersal                Tloc           0%         N/A       100%        6


Dungeon Overview and Level Annotations

Branches:
Dungeon (4/15)             Temple (1/1) D:4

Altars:
Cheibriados
Elyvilon
Fedhas
Hepliaklqana
Kikubaaqudgha
Makhleb
Nemelex Xobeh
Okawaru
Qazlal
Ru
Uskayaw
Vehumet
Wu Jian
Xom
Yredelemnul
Zin
The Shining One

Annotations:
D:4 Pikel


Innate Abilities, Weirdness & Mutations

You have a pair of horns on your head.
You reflexively headbutt those who attack you in melee.


Message History

You kill the lemure!
That felt strangely unrewarding.
The lemure hits you but does no damage.
You barely miss Pikel. The lemure closely misses you.
Pikel hits you with a +2 whip of freezing.
Pikel freezes you.
You hit Pikel but do no damage.
Pikel hits you with a +2 whip of freezing.
Pikel freezes you.
You hit Pikel. You headbutt Pikel.
Pikel is lightly wounded.
Pikel hits you with a +2 whip of freezing.
Pikel freezes you. The lemure hits you but does no damage.
The lemure barely misses you. You furiously retaliate!
You headbutt the lemure, but do no damage.
The lemure hits you! The lemure hits you but does no damage.
The lemure hits you!
Pikel hits you with a +2 whip of freezing!
* * * LOW HITPOINT WARNING * * *
Pikel freezes you.
* * * LOW HITPOINT WARNING * * *
You closely miss Pikel.
Pikel is lightly wounded.
You block the lemure's attack. The lemure hits you but does no damage.
The lemure barely misses you. Pikel barely misses you.
You closely miss Pikel. You headbutt Pikel, but do no damage.
Pikel is lightly wounded.
The lemure completely misses you. You furiously retaliate!
You headbutt the lemure! You block the lemure's attack. The lemure hits you.
* * * LOW HITPOINT WARNING * * *
Pikel hits you but does no damage.
You slash Pikel!
Pikel is moderately wounded.
Pikel hits you but does no damage. The lemure hits you.
* * * LOW HITPOINT WARNING * * *
The lemure misses you. The lemure hits you.
* * * LOW HITPOINT WARNING * * *
You hit Pikel. Your headbutt misses Pikel.
Pikel is moderately wounded.
Pikel hits you with a +2 whip of freezing.
You die...

........................
........................
.<......................
.............#.........#
........#....###########
.........###..## #
.........##....### ##
......5..##......## #.
......K@.##...##..## ##.
......55##...####..###..
.......###...# ##.))...
.###### #...## ##.))..
#..# ##..#.. #.. #..###.
.. #..# ## #..# # #..#


You could see Pikel and 3 lemures.

Vanquished Creatures
  A lemure (D:4)
  2 scorpions (D:4)
  A howler monkey (D:4)
  A hound (D:4)
  An iguana (D:4)
  An orc wizard (D:4)
  4 adders
  An ufetubus (D:4)
  A dart slug (D:1)
  4 orcs (D:4)
  6 endoplasms
  A giant cockroach (D:2)
  3 goblins
  5 hobgoblins
  2 jackals (D:1)
  5 kobolds
  2 quokkas
  8 ball pythons
  3 bats
  5 frilled lizards
  5 rats
62 creatures vanquished.

Notes
Turn   | Place    | Note
-------+----------+-------------------------------------------
     0 | D:1      | GigaChad the Minotaur Fighter began the quest for the Orb.
     0 | D:1      | Reached XP level 1. HP: 19/19 MP: 0/0
   214 | D:1      | Reached XP level 2. HP: 27/27 MP: 1/1
   505 | D:1      | Reached XP level 3. HP: 28/33 MP: 2/2
   889 | D:2      | Reached skill level 1 in Dodging
  1604 | D:2      | You fall into a shaft and drop 2 floors!
  1659 | D:4      | Reached XP level 4. HP: 38/40 MP: 3/3
  1778 | D:4      | Noticed a scorpion
  1781 | D:4      | Reached XP level 5. HP: 47/47 MP: 4/4
  2126 | D:4      | Found a staircase to the Ecumenical Temple.
  2137 | Temple   | Entered the Ecumenical Temple
  2137 | Temple   | Found a transporter.
  2137 | Temple   | Found a transporter.
  2139 | Temple   | Found a transporter.
  2139 | Temple   | Found a transporter.
  2191 | Temple   | Became a worshipper of Warmaster Okawaru
  2562 | D:4      | Reached XP level 6. HP: 55/55 MP: 5/5
  2704 | D:4      | Noticed Pikel
  2715 | D:4      | HP: 2/55 [lemure[Pikel] (4)]
  2716 | D:4      | Slain by Pikel

Illustrated notes

Levels and vault maps discovered:
D:1:      grunt_arrival_crossed_arrows, layout_rooms
D:2:      layout_basic, hex_medium, minmay_misc_feat_secret_circle,
          minmay_tromino_v7
D:4:      layout_cave_pods, minmay_temple_entry_poolview,
          kennysheep_generic_room_5, uniq_pikel, uniq_blork_the_orc
Temple:   hellmonk_temple_divided_pantheon

Skill      XL: |  1  2  3  4  5 |
---------------+----------------+-----
Long Blades    | 3 4 |  4.5
Fighting       | 4 |  4.9
Shields        | 4 |  4.7
Armour         | 4 |  4.9
Dodging        | 1 2 |  2.8
Throwing       | |  0.2
Stealth        | |  0.4

Action                   |  1- 3 |  4- 6 || total
-------------------------+-------+-------++-------
Melee: Long sword        |    94 |    65 ||   159
       Headbutt          |    10 |    13 ||    23
Throw: Dart              |     2 |     2 ||     4
  Use: Scroll            |     2 |     2 ||     4
 Stab: Invisible         |     1 |       ||     1
Armor: Scale mail        |    66 |    36 ||   102
Dodge: Dodged            |    69 |    32 ||   101
Block: Buckler           |    36 |    14 ||    50
